 Dungeon Crawl Stone Soup version 0.14-a0-519-g334afa2 (webtiles) character file.

75 LostMyPassword the Stinger (level 3, -1/24 HPs)
             Began as a Merfolk Venom Mage on Nov 1, 2013.
             Slain by a gnoll
             ... wielding a cursed +0,+0 halberd
              (3 damage)
             ... on Level 2 of the Dungeon.
             The game lasted 00:04:55 (1121 turns).

LostMyPassword the Stinger (Merfolk Venom Mage)     Turns: 1121, Time: 00:04:56

HP  -1/24        AC  2     Str  8      XL: 3   Next: 62%
MP   0/5         EV 13     Int 15      God:
Gold 31          SH  0     Dex 14      Spells:  2 memorised,  1 level left

Res.Fire  : . . .   See Invis. : .   (no weapon)
Res.Cold  : . . .   Warding    : .   a - +0 robe
Life Prot.: . . .   Conserve   : .   (no shield)
Res.Poison: .       Res.Corr.  : .   (no helmet)
Res.Elec. : .       Clarity    : .   (no cloak)
Sust.Abil.: . .     Spirit.Shd : .   (no gloves)
Res.Mut.  : .       Stasis     : .   (no boots)
Res.Rott. : .       Flight     : .   (no amulet)
Saprovore : . . .                    (no ring)
                                     (no ring)

@: not resistant to hostile enchantments, fairly stealthy
A: change form in water, swift swim
a: no special abilities


You were on level 2 of the Dungeon.
You were not hungry.

You visited 1 branch of the dungeon, and saw 2 of its levels.

You collected 31 gold pieces.

Inventory:

Armour
 a - a +0 robe (worn)
Magical devices
 j - a wand of polymorph (14)
 p - a wand of enslavement (17) {unknown}
Comestibles
 c - a bread ration
 o - 2 rotting chunks of hobgoblin flesh
 q - a chunk of gnoll flesh
Scrolls
 d - a scroll of recharging {unknown}
 f - a scroll of random uselessness {unknown}
 i - 3 scrolls of amnesia {unknown}
 k - a scroll of teleportation {unknown}
 l - 2 scrolls of enchant weapon I {unknown}
Jewellery
 h - an uncursed amulet of resist corrosion {unknown}
Potions
 e - a potion of magic {unknown}
 m - a potion of heal wounds {unknown}
 n - a potion of beneficial mutation {unknown}
Books
 b - a Young Poisoner's Handbook

   Spells                             Type                      Level
   *Sting                             Conjuration/Poison           1
   *Cure Poison                       Poison                       2
   Mephitic Cloud                     Conjuration/Poison/Air       3
   Olgreb's Toxic Radiance            Poison                       4
   Venom Bolt                         Conjuration/Poison           5


   Skills:
 - Level 2.6 Dodging
 - Level 2.1 Stealth
 - Level 1.0 Spellcasting
 * Level 1.9 Conjurations
 + Level 4.9 Poison Magic


You had one spell level left.
You knew the following spells:

 Your Spells              Type           Power        Failure   Level  Hunger
a - Sting                 Conj/Pois      ##..         8%          1    ##.....
b - Cure Poison           Pois           ###.......   6%          2    ###....


Dungeon Overview and Level Annotations

Branches:
Dungeon (2/27)

Altars:
Vehumet


Message History

Casting: Sting
Confirm with . or Enter, or press ? or * to list all spells.
Aiming: Sting
Press: ? - help, Shift-Dir - straight line, f/p - gnoll
Aim: a gnoll, wielding a runed halberd (almost dead, poisoned)
The sting hits the gnoll.
The gnoll looks even sicker.
The gnoll is almost dead.
* * * LOW MAGIC WARNING * * *
The bat hits you.
* * * LOW HITPOINT WARNING * * *
The gnoll hits you from afar with a runed halberd!
* * * LOW HITPOINT WARNING * * *
The bat hits you.
* * * LOW HITPOINT WARNING * * *
Some of the chunks of flesh in your inventory have completely rotted away.
You closely miss the gnoll.
The gnoll is almost dead.
The bat barely misses you. The bat closely misses you.
The gnoll hits you with a runed halberd.
You die...

### ##.# ...# ...# .l.###
##########
##...##.##.....b.#
##.....##.#####@#
#..#####.#####g##########
##.# #.##.............#
#.#####.##.##.#.#..###.#
##..................##
......####...#...#.....# .#
.####.#####.###.###....#.[##
#..>.....#...#..........#
#.##.##...._.....)....#.


You could see a gnoll and a bat.

Vanquished Creatures
  2 gnolls (D:2)
  A giant gecko (D:1)
  A ball python (D:2)
  4 bats
  A giant cockroach (D:1)
  4 goblins
  5 hobgoblins
  A giant newt (D:2)
  A quokka (D:2)
  A rat (D:1)
21 creatures vanquished.

Notes
Turn   | Place    | Note
--------------------------------------------------------------
     0 | D:1      | LostMyPassword, the Merfolk Venom Mage, began the quest for the Orb.
     0 | D:1      | Reached XP level 1. HP: 13/13 MP: 3/3
   317 | D:1      | Reached XP level 2. HP: 19/19 MP: 0/4
   629 | D:1      | Reached skill level 1 in Conjurations
   697 | D:2      | Found a radiant altar of Vehumet.
   769 | D:2      | Learned a level 2 spell: Cure Poison
   993 | D:2      | Reached XP level 3. HP: 24/24 MP: 2/5
  1121 | D:2      | Slain by a gnoll

Action                   || total
-------------------------++-------
Melee: Unarmed           ||    28
 Cast: Sting             ||    48
Evoke: Wand              ||     1
